 Dungeon Crawl Stone Soup version 0.28.0-53-g5a82cb258f (webtiles) character file.

Game seed: 13360132146047726460

296 buhh the Bolt Thrower (level 6, -4/49 HPs)
             Began as a Formicid Hunter on June 21, 2022.
             Slain by an orc warrior
             ... wielding a +0 scimitar
              (18 damage)
             ... on level 6 of the Dungeon.
             The game lasted 00:07:30 (3466 turns).

buhh the Bolt Thrower (Formicid Hunter)             Turns: 3466, Time: 00:07:30

Health: -4/49      AC:  3    Str: 16    XL:     6   Next: 62%
Magic:  6/6        EV: 11    Int: 11    God:
Gold:   76         SH:  0    Dex: 13    Spells: 5/5 levels left

rFire   . . .      SeeInvis +   a - +1 hand crossbow
rCold   . . .      Faith    .   (no shield)
rNeg    . . .      Spirit   .   c - +0 leather armour
rPois   .          Reflect  .   (helmet unavailable)
rElec   .          Harm     .   (no cloak)
rCorr   .          Rampage  .   (no gloves)
Will    .....                   (no boots)
Stlth   +.........              (no amulet)
HPRegen 0.16/turn               (no ring)
MPRegen 0.10/turn               (no ring)

@: no status effects
A: permanent stasis, dig shafts and tunnels, antennae 3, four strong arms
a: Dig, Shaft Self


You were on level 6 of the Dungeon.
You visited 1 branch of the dungeon, and saw 5 of its levels.

You collected 106 gold pieces.
You spent 30 gold pieces at shops.

Inventory:

Hand Weapons
 a - a +1 hand crossbow (weapon)
 b - a +0 short sword
 n - a +2 hunting sling of freezing
Missiles
 d - 52 bolts (quivered ammo)
 g - 4 boomerangs
 o - 39 stones
Armour
 c - a +0 leather armour (worn)
Scrolls
 f - a scroll of enchant weapon {unknown}
 h - a scroll of summoning {unknown}
 i - 4 scrolls of identify {unknown}
 k - a scroll of blinking {unknown}
 l - a scroll of torment {unknown}
 p - a scroll of vulnerability {unknown}
 q - a scroll of brand weapon {unknown}
Potions
 e - a potion of invisibility {unknown}
 m - a potion of lignification {unknown}
 N - 3 potions of curing {!q!d}


   Skills:
 + Level 4.5 Fighting
 * Level 3.3 Slings
 + Level 5.4 Crossbows
 - Level 1.7 Dodging
 - Level 1.2 Stealth


You had 5 spell levels left.
You didn't know any spells.
Your spell library contained the following spells:

 Spells                   Type           Power      Damage    Failure   Level
 Foxfire                  Conj/Fire      0%         2x1d4     41%         1
 Conjure Flame            Conj/Fire      0%         6-21      78%         3
 Inner Flame              Hex/Fire       0%         N/A       78%         3
 Flame Wave               Conj/Fire      0%         2d4       99%         4
 Leda's Liquefaction      Hex/Erth       0%         N/A       99%         4
 Lee's Rapid Deconstruct  Erth           0%         3d5*      100%        5
 Statue Form              Tmut/Erth      0%         N/A       100%        6


Dungeon Overview and Level Annotations

Branches:
Dungeon (7/15)
 Temple: D:4-7

Altars:
Elyvilon

Shops:
D:2 !

Annotations:
D:3 Robin
D:6 3 runed translucent doors, SanguineChosen's ghost, amateur PaBe; bnorton916's ghost, novice DEFE; quokkamancerX's ghost, novice TrMo


Innate Abilities, Weirdness & Mutations

You cannot be hasted, slowed, berserked, paralysed or teleported.
You can dig through walls and to a lower floor.
You have a pair of large antennae on your head. (SInv)
Your four strong arms can wield two-handed weapons with a shield.


Message History

You throw a poisoned dart.
The poisoned dart barely misses the orc warrior.
You throw a poisoned dart. The poisoned dart hits the orc warrior.
The orc warrior is poisoned.
You throw a boomerang.
The boomerang hits the orc warrior but does no damage.
The orc warrior is lightly wounded.
Okay, then.
An orc comes into view. It is wielding a +0 whip.
Okay, then.
The orc shouts!
Bnorton916's ghost says, "Watch and be amazed!"
There is a stone staircase leading down here.
You climb downwards.
There is a stone staircase leading up here.
N - 4 potions of curing {!q!d} (gained 1)
There is a stone staircase leading up here.
You climb upwards.
Level annotation: 3 runed translucent doors, SanguineChosen's ghost, amateur PaBe; bnorton916's ghost, novice DEFE; quokkamancerX's ghost, novice TrMo QuokkamancerX's ghost turns its malevolent gaze towards you.
There is a stone staircase leading down here.
SanguineChosen's ghost turns its malevolent gaze towards you.
SanguineChosen's ghost grins evilly.
SanguineChosen's ghost says very slowly, "There's no hope."
Your +2 hunting sling of freezing stops glowing.
a - a +1 hand crossbow (weapon)
b - a +0 short sword (weapon)
a - a +1 hand crossbow (weapon)
There is a stone staircase leading down here.
You shoot a bolt. The bolt barely misses the orc warrior.
The orc warrior hits you with a +0 scimitar!
You shoot a bolt.
The bolt hits the orc warrior but does no damage.
The orc warrior hits you with a +0 scimitar!!
The orc warrior hits you with a +0 scimitar!
* * * LOW HITPOINT WARNING * * *
Really quaff
N - 4 potions of curing {!q!d}?
You feel better.
The orc warrior hits you with a +0 scimitar!!
You die...

#.............########....
#>........###..#.....#####
#.........# ##...# #. ####
#.........# ##.># #. #...
#####.##### #...# #.##.o.
####.## #####.#.# #..#..#
#.....# #.(...#{####.#...
#.....###o#####.#....o...
#)...(##@.# ###.#.###.#..
#.....##.####)....###....
#.............#..###....(
#.....#........#.....##(.
#.....#........###.##....
#.....####+++####.....#..
#.....#.WWW.....#..####.#
####.##⌠.......⌠#..# #..#
#.##P.......P#..# #.##


You could see an orc warrior, SanguineChosen's ghost, bnorton916's ghost and
quokkamancerX's ghost.

Vanquished Creatures
  A sky beast (D:6)
  A centaur zombie (D:6)
  An orc priest (D:3)
  An iguana (D:6)
  5 adders
  A white imp (D:6)
  2 dart slugs (D:1)
  3 orcs
  5 bats
  6 endoplasms
  A giant cockroach (D:1)
  12 goblins
  4 hobgoblins
  2 jackals (D:1)
  2 quokkas
  2 ball pythons
  3 frilled lizards (D:1)
  2 kobolds
  2 rats
56 creatures vanquished.

Vanquished Creatures (others)
  4 withered plants (D:6)
4 creatures vanquished.

Grand Total: 60 creatures vanquished

Notes
Turn   | Place    | Note
-------+----------+-------------------------------------------
     0 | D:1      | buhh the Formicid Hunter began the quest for the Orb.
     0 | D:1      | Reached XP level 1. HP: 16/16 MP: 1/1
   200 | D:1      | Reached XP level 2. HP: 16/23 MP: 2/2
   474 | D:1      | Reached XP level 3. HP: 29/29 MP: 3/3
   494 | D:1      | Found a faded altar of an unknown god.
   802 | D:2      | Found Ysiyfe's Distillery.
   869 | D:2      | Found a white marble altar of Elyvilon.
  1287 | D:2      | Reached XP level 4. HP: 10/35 MP: 4/4
  1565 | D:2      | Bought a potion of curing for 30 gold pieces
  2227 | D:3      | Reached skill level 5 in Crossbows
  2227 | D:3      | Reached XP level 5. HP: 3/42 MP: 5/5
  2679 | D:3      | Noticed Robin
  2691 | D:3      | You fall into a shaft and drop 3 floors!
  2691 | D:6      | Noticed a sky beast
  2695 | D:6      | You fall into a shaft and drop 1 floor!
  2696 | D:7      | Noticed an ice beast
  2859 | D:6      | Found a runed translucent gate.
  2859 | D:6      | Found a runed translucent gate.
  2877 | D:6      | Killed a sky beast
  2878 | D:6      | Reached XP level 6. HP: 17/49 MP: 6/6
  3096 | D:6      | Found a runed translucent gate.
  3098 | D:6      | Noticed quokkamancerX's ghost (novice TrMo)
  3098 | D:6      | Noticed bnorton916's ghost (novice DEFE)
  3100 | D:6      | Noticed SanguineChosen's ghost (amateur PaBe)
  3374 | D:6      | Noticed an orc warrior
  3466 | D:6      | Slain by an orc warrior

Illustrated notes

Levels and vault maps discovered:
D:1:      dpeg_arrival_concentric_ovals, layout_basic,
          ebering_ecumenical_altar_hall, minmay_pentomino_w2
D:2:      layout_basic, serial_shops, nicolae_shop_statue_plus,
          kennysheep_flooded_box, grunt_decor_junction,
          amcnicky_mini_pool_small, nicolae_figureground_pulse
D:3:      layout_basic, uniq_robin
D:6:      layout_rooms, gammafunk_ghost_cemetery
D:7:      layout_loops_ring

Skill      XL: |  1  2  3  4  5  6 |
---------------+-------------------+-----
Fighting       | 3 4 |  4.5
Slings         | 1 2 3 |  3.3
Crossbows      | 5 |  5.4
Dodging        | |  1.7
Stealth        | |  1.2

Action                   |  1- 3 |  4- 6 || total
-------------------------+-------+-------++-------
Melee: Short sword       |    35 |     4 ||    39
       Punch             |     1 |       ||     1
 Fire: Hand crossbow     |    26 |    21 ||    47
       Hunting sling     |       |    61 ||    61
Throw: Boomerang         |    22 |     3 ||    25
       Dart              |       |     2 ||     2
 Abil: Shaft Self        |       |     2 ||     2
  Use: Potion            |       |     1 ||     1
 Stab: Sleeping          |     1 |       ||     1
Armor: Leather armour    |    41 |    10 ||    51
Dodge: Dodged            |    73 |    22 ||    95
